 Dungeon Crawl Stone Soup version 0.30-a0-779-g7971cf19c3 (webtiles) character file.

Game seed: 10482468248069242654

175 Pimp the Trooper (level 5, -4/42 HPs)
             Began as a Demonspawn Berserker on Feb 17, 2023.
             Was a Believer of Trog.
             Slain by a gnoll
             ... wielding a +2 halberd of venom
              (13 damage)
             ... on level 3 of the Dungeon.
             The game lasted 00:05:23 (2141 turns).

Pimp the Trooper (Demonspawn Berserker)             Turns: 2141, Time: 00:05:24

Health: -4/42      AC:  5    Str: 15    XL:     5   Next: 29%
Magic:  5/5        EV: 13    Int:  8    God:    Trog [**....]
Gold:   151        SH:  0    Dex: 19    Spells: 4/4 levels left

rFire   . . .      SeeInvis +    m - +7 dagger "Qusekofy" {venom, *Slow rPois Str-4 SInv}
rCold   . . .      Faith    .    (no shield)
rNeg    . . .      Spirit   .    b - +0 animal skin
rPois   +          Reflect  .    (no helmet)
rElec   .          Harm     .    (no cloak)
rCorr   .          Rampage  .    j - +2 pair of gloves
Will    .....                    (no boots)
Stlth   ++                       (no amulet)
HPRegen 0.27/turn                u - +6 ring of dexterity
MPRegen 0.18/turn                (no ring)

@: lethally poisoned (-4 -> -10)
A: hooves 1, powered by pain 1, magic regeneration, sturdy frame 1
a: Renounce Religion, Berserk, Trog's Hand


You were on level 3 of the Dungeon.
You worshipped Trog.
Trog was pleased with you.
You visited 1 branch of the dungeon, and saw 3 of its levels.

You collected 151 gold pieces.

Inventory:

Hand Weapons
 a - a +0 hand axe
 m - the +7 dagger "Qusekofy" (weapon) {venom, *Slow rPois Str-4 SInv}
   (You found it on level 2 of the Dungeon)

   Str:       It affects your strength (-4).
   rPois:     It protects you from poison.
   SInv:      It lets you see invisible.
   *Slow:     It may slow you when you take damage.
Missiles
 n - 6 atropa-tipped darts (quivered)
Armour
 b - a +0 animal skin (worn)
 j - a +2 pair of gloves (worn)
Jewellery
 u - a +6 ring of dexterity (left hand)
Scrolls
 c - a scroll of fear {unknown}
 d - a scroll of amnesia {unknown}
 f - 2 scrolls of magic mapping {unknown}
 g - 3 scrolls of noise {unknown}
 h - 4 scrolls of identify {unknown}
 k - a scroll of immolation {unknown}
 l - a scroll of enchant armour {unknown}
 p - 2 scrolls of fog {unknown}
 r - a scroll of brand weapon {unknown}
 s - a scroll of teleportation {unknown}
Potions
 e - a potion of curing
 i - a potion of brilliance {unknown}
 o - a potion of degeneration {unknown}
 q - a potion of haste {unknown}
 t - a potion of cancellation {unknown}


   Skills:
 + Level 4.0 Fighting
 + Level 1.1 Short Blades
 + Level 4.0 Axes
 + Level 1.8 Armour
 + Level 2.5 Dodging
 + Level 1.0 Stealth


You had 4 spell levels left.
You didn't know any spells.
Your spell library was empty.

Dungeon Overview and Level Annotations

Branches:
Dungeon (3/15)

Altars:
Gozag

Shops:
D:2 *


Innate Abilities, Weirdness & Mutations

You have large cloven feet.
You sometimes gain a little power by taking damage.
You regenerate magic rapidly.
Your movements are slightly less encumbered by armour. (ER -2)


Message History

You see here a bat corpse.
There is an open door here.
There is an open door here.
There is an open door here.
You see here a +0 halberd.
You see here a +0 halberd.
A gnoll comes into view. It is wielding a +0 whip.
The gnoll shouts!
The gnoll throws a throwing net.
The throwing net hits you.
You become entangled in the net!
You see here a throwing net.
You struggle against the net.
A gnoll comes into view. It is wielding a +2 halberd of venom.
A gnoll comes into view. It is wielding a +0 flail.
You struggle against the net.
You tear a large gash into the net.
A gnoll comes into view. It is wielding a +0 spear.
The gnoll hits you with a +0 whip.
You rip the net and break free!
The gnoll barely misses you.
You hit the gnoll.
The gnoll is poisoned.
The gnoll is moderately wounded.
The gnoll hits you with a +0 whip.
You closely miss the gnoll. You kick the gnoll.
The gnoll is heavily wounded.
The gnoll hits you from afar with a +2 halberd of venom!
The gnoll hits you with a +0 whip. The gnoll barely misses you.
You hit the gnoll but do no damage.
The gnoll looks as sick as possible!
Your kick misses the gnoll.
The gnoll is heavily wounded.
The gnoll hits you from afar with a +2 halberd of venom!
You are poisoned.
The gnoll closely misses you. The gnoll hits you with a +0 flail.
* * * LOW HITPOINT WARNING * * *
You closely miss the gnoll. You kick the gnoll.
The gnoll is almost dead.
* * * LOW HITPOINT WARNING * * *
You feel very sick. The gnoll hits you but does no damage.
The gnoll hits you from afar with a +2 halberd of venom!
You die...

#.######.##..##.# #.# # ##.#
#.##..##)#####<####
###.#######.##.....)).......#
................##.########.#
#.#.#######.##..##.# .###
.......####.##.>##.#########....
#.#.##.).##.##..##...)[.........
#.....))#)#....g##..##..##..# .
.##.#.........gg@..####†...#
..............g.##.# ##..##
....#....##..##.##..# #..#
.......####..##.#....# #..#
....#.## #..##....#.......
......# #..#####.#........
....### #..# #...###..### ....#
#..# .. #..# ....# #..#


You could see 4 gnolls.

Vanquished Creatures
  An orc wizard (D:3)
  4 gnolls (D:3)
  4 adders
  4 worms
  2 dart slugs (D:1)
  5 orcs (D:3)
  4 ball pythons
  4 bats
  4 endoplasms
  6 goblins
  6 hobgoblins
  A quokka (D:2)
  2 frilled lizards
  3 kobolds
  6 rats
56 creatures vanquished.

Vanquished Creatures (others)
  3 plants (D:3)
3 creatures vanquished.

Grand Total: 59 creatures vanquished

Notes
Turn   | Place    | Note
-------+----------+-------------------------------------------
     0 | D:1      | Pimp the Demonspawn Berserker began the quest for the Orb.
     0 | D:1      | Reached XP level 1. HP: 18/18 MP: 1/1
    97 | D:1      | Gained mutation: You regenerate magic rapidly. [demonic
                  | ancestry]
    97 | D:1      | Reached XP level 2. HP: 15/24 MP: 2/2
   547 | D:2      | Gained mutation: You sometimes gain a little power by
                  | taking damage. [demonic ancestry]
   547 | D:2      | Reached XP level 3. HP: 19/29 MP: 3/3
   725 | D:2      | Found Veazo's General Store.
   798 | D:2      | Identified the +7 dagger "Qusekofy" {venom, *Slow rPois
                  | Str-4 SInv}
   835 | D:2      | Reached ** piety under Trog
  1516 | D:3      | Gained mutation: You have large cloven feet. [demonic
                  | ancestry]
  1516 | D:3      | Reached XP level 4. HP: 35/37 MP: 4/4
  1661 | D:3      | HP: 1/37 [orc wizard/puff of flame (8)]
  1667 | D:3      | Gained mutation: Your movements are slightly less
                  | encumbered by armour. (ER -2) [demonic ancestry]
  1667 | D:3      | Reached XP level 5. HP: 17/42 MP: 5/5
  1669 | D:3      | Reached skill level 1 in Stealth
  1673 | D:3      | Reached skill level 1 in Short Blades
  1805 | D:3      | Found an opulent altar of Gozag.
  1840 | D:3      | Found a faded altar of an unknown god.
  2141 | D:3      | Slain by a gnoll

Illustrated notes

Levels and vault maps discovered:
D:1:      shiori_arrival_oz, layout_rooms, minmay_cut_off
D:2:      layout_loops_ring, serial_shops, shop_fountains, grunt_decor_junction,
          reono_crystal_passage, roderic_serpentine_path,
          kennysheep_generic_room_11
D:3:      layout_loops_ring, mainiacjoe_overflow_small_starburst,
          shapermc_ecumenical_altar_starsandcircs, kennysheep_path_1,
          dreamdust_princess_corridor, chequers_serial_rivers_large_b,
          serial_bayou_pond_a, palyth_stone_intersect

Skill      XL: |  1  2  3  4  5 |
---------------+----------------+-----
Axes           | 3 4 |  4.0
Dodging        | 2 |  2.5
Fighting       | 4 |  4.0
Stealth        | 1 |  1.0
Short Blades   | 1 |  1.1
Armour         | |  1.8

Action                     |  1- 3 |  4- 6 || total
---------------------------+-------+-------++-------
  Melee: Hand axe          |    65 |       ||    65
         Dagger            |    25 |    40 ||    65
         Kick              |       |     7 ||     7
 Invoke: Berserk           |       |     1 ||     1
    Use: Potion            |       |     1 ||     1
   Stab: Sleeping          |     3 |       ||     3
 Armour: Animal skin       |    26 |     9 ||    35
  Dodge: Dodged            |    62 |    31 ||    93

Table legend: (Time is in decaauts)
 A = Elapsed time spent in this place.
 B = Non-inter-level travel time spent in this place.
 C = Inter-level travel time spent in this place.
 D = Time resting spent in this place.
 E = Time spent auto-exploring this place.
 F = Levels seen in this place.
 G = Mean time per level.
                   A        B        C        D        E       F      G
               +--------+--------+--------+--------+--------+-----+--------+
         Total |   2156 |   2130 |     26 |     57 |   1627 |   3 |  718.7 |
       Dungeon |   2156 |   2130 |     26 |     57 |   1627 |   3 |  718.7 |
               +--------+--------+--------+--------+--------+-----+--------+

Top non-repeatable levels by time:
     D:2: 995 daAuts
     D:3: 639 daAuts
     D:1: 521 daAuts
